Map: Kairos Junction LE

Players

Lillekanin

  • Race: Terran Terran
  • Spawn Location: 5:00

IndyKNerazim - Winner!

  • Race: Protoss Protoss
  • Spawn Location: 11:00

Event: 2019 WCS Summer

VOD

Have the link to the VOD?

Description

Time

  • Played on: July 12, 2019, 7:01 a.m.
  • Length: 14:16

All games in this series

Show
View Real Time Build Order
Export as new Build Order

Lillekanin Terran 

Build Orders: Mech 

Get SALT Encoding   

  12  0:00  SCV  
  13  0:12  SCV  
  14  0:17  Supply Depot  
  14  0:25  SCV  
  15  0:29  Refinery  
  15  0:39  SCV  
  16  0:45  Barracks  
  16  0:51  SCV  
  17  1:03  SCV  
  18  1:15  SCV  
  20  1:34  Orbital Command, Reaper  
  20  1:48  Command Center  
  20  2:00  SCV  
  21  2:04  Factory  
  21  2:09  Barracks Reactor  
  21  2:12  SCV  
  22  2:16  Refinery  
  22  2:22  Supply Depot  
  22  2:24  SCV  
  23  2:40  SCV  
  23  2:45  Marine x2  
  23  2:49  Factory Tech Lab, Starport  
  25  2:52  SCV  
  26  3:03  Marine  
  26  3:04  SCV  
  29  3:08  Orbital Command  
  29  3:16  SCV, Cyclone  
  29  3:19  Marine  
  32  3:25  Starport Tech Lab  
  33  3:27  Marine  
  33  3:30  SCV  
  35  3:37  SCV  
  36  3:42  SCV  
  36  3:43  Bunker  
  37  3:49  SCV  
  37  3:50  Raven  
  37  3:54  SCV  
  41  3:59  Marine  
  41  4:01  SCV  
  43  4:05  Supply Depot  
  43  4:06  SCV  
  44  4:13  SCV  
  45  4:17  Cloaking Field  
  45  4:18  SCV  
  46  4:27  SCV  
  46  4:29  Siege Tank  
  46  4:30  Marine x2, Supply Depot  
  46  4:31  SCV  
  53  4:34  Refinery  
  53  4:39  SCV  
  53  4:43  Refinery  
  54  4:46  Supply Depot  
  54  4:51  SCV x2  
  56  4:52  Banshee  
  59  5:07  Command Center, SCV  
  59  5:10  Siege Tank  
  59  5:12  Marine x2  
  59  5:14  SCV  
  66  5:19  SCV  
  67  5:30  SCV  
  67  5:33  Factory  
  68  5:36  Marine  
  68  5:38  Factory  
  69  5:43  Supply Depot  
  69  5:44  Supply Depot  
  69  5:47  Banshee  
  69  5:48  Supply Depot  
  69  5:49  Supply Depot  
  72  5:51  SCV  
  72  5:55  Siege Tank  
  76  5:59  SCV  
  76  6:02  Factory  
  77  6:06  SCV  
  77  6:09  Hyperflight Rotors  
  78  6:14  Engineering Bay  
  78  6:16  SCV  
  79  6:22  Orbital Command  
  79  6:27  Armory  
  79  6:28  Supply Depot  
  79  6:33  Factory Tech Lab  
  79  6:35  Banshee  
  79  6:39  SCV  
  83  6:41  Armory  
  83  6:42  SCV  
  84  6:47  Factory Tech Lab  
  84  6:52  Hellion x2  
  88  6:54  SCV  
  88  6:59  Siege Tank  
  92  7:03  Hellion  
  94  7:12  Siege Tank  
  94  7:15  Hellion x2  
  101  7:21  Banshee  
  104  7:27  Terran Vehicle Weapons Level 1  
  104  7:28  Missile Turret  
  104  7:30  Missile Turret  
  103  7:47  Missile Turret  
  103  7:53  Missile Turret  
  103  7:54  Terran Vehicle And Ship Armor Level 1  
  103  7:55  Missile Turret x3  
  103  8:03  Banshee  
  103  8:04  Siege Tank  
  109  8:06  Hellion  
  109  8:08  Infernal Pre-Igniter  
  111  8:18  Supply Depot x2  
  111  8:20  Siege Tank  
  114  8:31  SCV  
  114  8:32  SCV  
  116  8:34  Bunker  
  116  8:35  Orbital Command  
  116  8:36  Supply Depot  
  116  8:44  SCV  
  116  8:45  Hellion  
  119  8:49  Hellion  
  119  8:50  Sensor Tower  
  119  8:53  Banshee  
  124  9:04  Missile Turret  
  124  9:05  Siege Tank  
  124  9:07  SCV x3  
  130  9:15  Supply Depot  
  130  9:16  Supply Depot  
  130  9:19  SCV x2  
  132  9:29  Supply Depot  
  132  9:30  Supply Depot  
  122  9:51  Siege Tank  
  122  9:52  Hellion x2  
  115  9:59  Siege Tank  
  106  10:00  Banshee, Hellion  
  106  10:01  SCV  
  106  10:03  Refinery x2  
  106  10:06  Command Center  
  111  10:16  SCV x2  
  111  10:20  Terran Vehicle Weapons Level 2  
  112  10:21  Siege Tank  
  112  10:23  Siege Tank  
  112  10:25  Hellion  
  112  10:26  SCV  
  121  10:32  Siege Tank  
  124  10:42  SCV x2  
  126  10:43  Banshee  
  126  10:47  SCV  
  126  10:48  Supply Depot  
  130  10:50  Supply Depot x2  
  130  10:54  SCV x2  
  130  10:55  Supply Depot x2  
  132  10:59  SCV  
  132  11:01  Terran Vehicle And Ship Armor Level 2  
  133  11:06  SCV  
  134  11:16  Mag-Field Accelerator  
  134  11:19  Supply Depot  
  134  11:21  Supply Depot  
  134  11:24  Supply Depot  
  134  11:26  Supply Depot  
  134  11:33  Siege Tank, Sensor Tower  
  134  11:34  Hellion x2  
  143  11:47  Hellion x2  
  140  11:58  Banshee  
  143  12:02  Missile Turret x2  
  143  12:03  SCV  
  143  12:04  SCV, Starport  
  143  12:05  Starport  
  143  12:06  SCV  
  146  12:14  Hellion  
  146  12:15  Hellion x2  
  144  12:39  Siege Tank  
  144  12:40  Hellion x3  
  126  12:45  Siege Tank  
  126  12:48  SCV  
  96  13:00  Banshee  
  96  13:01  Hellion x2  
  92  13:27  SCV x2  
  92  13:33  Siege Tank x2  
  97  13:40  Starport Tech Lab x2  
  97  13:42  SCV  
  97  13:47  SCV  
  99  13:53  Hellion x2  
Show
View Real Time Build Order
Export as new Build Order

IndyKNerazim Protoss - Winner!

Build Orders: 1 Gate Expand, Double Forge, Phoenix Opening, Blink Stalkers 

Get SALT Encoding   

  12  0:00  Probe  
  13  0:12  Probe  
  14  0:17  Pylon  
  14  0:23  Probe  
  15  0:31  Probe  
  16  0:37  Gateway  
  16  0:39  Probe  
  16  0:47  Assimilator  
  17  0:51  Probe  
  18  1:03  Probe  
  19  1:21  Nexus  
  19  1:30  Cybernetics Core  
  20  1:32  Probe  
  20  1:37  Assimilator  
  20  1:45  Probe  
  21  1:50  Pylon  
  21  1:57  Probe  
  21  1:59  Adept  
  22  2:07  Warp Gate  
  22  2:09  Probe  
  25  2:16  Pylon  
  25  2:21  Probe  
  26  2:29  Sentry  
  28  2:33  Probe  
  28  2:35  Probe  
  30  2:43  Probe  
  30  2:45  Probe, Twilight Council  
  32  2:51  Probe  
  32  2:53  Probe  
  32  2:57  Blink  
  34  3:00  Probe  
  34  3:02  Probe  
  34  3:03  Phoenix  
  36  3:12  Probe  
  37  3:14  Probe  
  37  3:16  Gateway x2  
  38  3:24  Probe  
  38  3:26  Probe  
  40  3:32  Assimilator  
  40  3:35  Probe  
  40  3:36  Probe  
  40  3:39  Robotics Facility  
  42  3:43  Probe  
  44  3:48  Probe  
  44  3:53  Probe  
  44  4:00  Probe  
  46  4:09  Shield Battery  
  47  4:12  Stalker x3  
  47  4:14  Pylon  
  53  4:17  Pylon  
  52  4:26  Nexus  
  52  4:27  Observer  
  53  4:37  Stalker x2  
  57  4:38  Shield Battery  
  57  4:40  Stalker  
  59  4:50  Observer  
  60  4:56  Forge  
  60  4:58  Charge, Forge  
  60  5:01  Stalker  
  60  5:04  Stalker  
  64  5:08  Pylon  
  64  5:12  Observer  
  65  5:19  Stalker  
  65  5:21  Pylon  
  67  5:36  Gateway  
  67  5:37  Probe x3  
  67  5:40  Protoss Ground Weapons Level 1  
  67  5:41  Gateway  
  70  5:43  Gateway  
  70  5:45  Probe  
  70  5:48  Probe  
  70  5:49  Observer, Probe  
  71  5:51  Protoss Ground Armor Level 1  
  71  5:53  Observer, Probe  
  73  5:58  Probe  
  73  6:00  Probe  
  73  6:01  Observer  
  76  6:04  Observer  
  76  6:05  Probe  
  76  6:06  Observer  
  76  6:07  Stalker x3  
  76  6:11  Probe  
  84  6:12  Probe  
  84  6:14  Pylon  
  84  6:15  Observer  
  84  6:17  Probe  
  86  6:20  Photon Cannon  
  86  6:23  Probe  
  86  6:24  Probe  
  86  6:25  Observer  
  88  6:30  Probe  
  89  6:35  Observer x2, Pylon  
  89  6:38  Pylon  
  92  6:42  Zealot x2, Nexus  
  92  6:44  Observer  
  94  6:47  Observer  
  94  6:49  Observer  
  94  6:50  Templar Archives  
  94  6:54  Zealot  
  94  6:56  Warp Prism  
  94  6:58  Pylon  
  94  7:01  Zealot x3  
  102  7:03  Zealot  
  102  7:06  Zealot  
  108  7:13  Pylon  
  109  7:15  Probe x2  
  109  7:18  Photon Cannon  
  109  7:25  Zealot x4  
  109  7:26  Zealot x2  
  109  7:27  Probe  
  109  7:28  Probe  
  123  7:35  Probe  
  124  7:40  Probe x2  
  126  7:44  Protoss Ground Weapons Level 2  
  126  7:45  Zealot  
  126  7:46  Zealot x4  
  126  7:47  Probe  
  126  7:50  Pylon  
  137  7:52  Probe x2  
  139  7:59  Probe  
  139  8:01  Probe  
  139  8:04  Probe  
  142  8:10  Zealot x4, High Templar x2  
  154  8:18  Archon  
  154  8:19  Gateway  
  154  8:20  Pylon  
  154  8:22  Probe x2  
  154  8:24  Photon Cannon, Gateway  
  156  8:27  Gateway  
  156  8:29  Gateway, Pylon  
  156  8:40  High Templar x2  
  160  8:42  Stalker x4  
  168  8:49  Shield Battery  
  168  8:51  Pylon  
  168  8:52  Pylon  
  168  8:55  Photon Cannon  
  168  9:00  Archon  
  168  9:05  Zealot x4  
  176  9:18  Zealot  
  176  9:19  Zealot x2  
  182  9:28  High Templar x2  
  182  9:29  Zealot x5  
  182  9:30  Gateway  
  196  9:32  Gateway, Pylon  
  196  9:33  Archon, Pylon  
  172  9:51  Stalker x5, Zealot  
  172  9:52  Zealot x2  
  142  9:55  Probe  
  142  9:56  Probe  
  142  9:57  Probe  
  142  9:59  Probe  
  112  10:07  Observer  
  112  10:09  Zealot, High Templar x2, Nexus  
  112  10:10  Zealot x5, Immortal, Pylon  
  112  10:14  Probe  
  127  10:17  Archon  
  127  10:19  Zealot x2  
  135  10:26  Zealot  
  137  10:29  Stalker  
  137  10:30  Nexus  
  137  10:32  Stalker x2  
  142  10:43  Zealot x8  
  142  10:45  Probe  
  159  10:50  Zealot  
  161  10:57  Nexus  
  161  10:59  Pylon  
  161  11:03  Protoss Ground Weapons Level 3  
  161  11:05  Zealot  
  161  11:06  Zealot x10  
  161  11:07  Probe  
  184  11:12  Zealot  
  184  11:14  Immortal  
  190  11:30  Stalker x3  
  190  11:32  Zealot x2  
  190  11:54  Probe, Immortal  
  182  11:56  Assimilator  
  182  11:57  Zealot x8  
  197  12:02  Assimilator, Probe  
  198  12:08  Zealot  
  200  12:24  Gateway  
  200  12:27  Gateway, Nexus  
  200  12:36  Zealot x10  
  198  12:41  Stalker x2  
  142  12:53  Probe  
  142  12:56  Stalker x6  
  142  12:57  Stalker x3, Zealot  
  140  13:06  Stalker x2  
  140  13:07  Cybernetics Core  
  142  13:23  Zealot x7  
  142  13:24  Zealot x5  
  166  13:31  Zealot x2  
  170  13:44  Zealot x5  
  170  13:45  Zealot x7, Nexus  
  170  13:46  Pylon  
  170  13:47  Probe  
  195  13:58  Zealot x2  
Tags
 
Add a new tag
Caveats
  • Supply blocks, unpowered buildings, or Contaminate may cause inaccurate times.
  • Supply counts are checked every 10 seconds.